 Dungeon Crawl Stone Soup version 0.31-a0-1511-g961fd35ebc (webtiles) character file.

Game seed: 11215115496186431858

89 Ates the Trooper (level 4, -5/2 HPs)
             Began as a Gargoyle Fighter on Dec 30, 2023.
             Killed from afar by Sigmund (7 damage)
             ... with a puff of flame
             ... on level 2 of the Dungeon.
             The game lasted 00:11:46 (1214 turns).

Ates the Trooper (Gargoyle Fighter)                 Turns: 1214, Time: 00:11:47

Health: -5/2       AC:  4    Str: 21    XL:     4   Next: 55%
Magic:  4/4        EV: 14    Int:  9    God:
Gold:   124        SH:  0    Dex:  9    Spells: 3/3 levels left

rFire   . . .        a - melded +0 trident
rCold   . . .        c - melded +0 buckler
rNeg    + . .        b - +0 scale mail
rPois   ∞            (no helmet)
rElec   +            (no cloak)
rCorr   +            f - melded +0 pair of gloves
SInv    .            (no boots)
Will    .....        (no amulet) Stlth
                     g - ring of resist corrosion
HPRegen 0.20/turn    o - +5 ring of evasion
MPRegen 0.09/turn

%: no passive effects
@: blade hands
A: reduced hp, sickness immunity, AC +3, negative energy resistance 1,
electricity resistance, torment resistance 1, petrification resistance
a: Begin Untransformation


You were on level 2 of the Dungeon.
You had blades for hands.
You visited 1 branch of the dungeon, and saw 2 of its levels.

You collected 124 gold pieces.

Inventory:

Hand Weapons
 a - a +0 trident (melded)
 p - a +0 whip
Missiles
 n - 6 poisoned darts
Armour
 b - a +0 scale mail (worn)
 c - a +0 buckler (melded)
 e - a +0 pair of boots
 f - a +0 pair of gloves (melded)
 j - a +0 plate armour
 l - a +0 robe
 r - the +4 ring mail "Ukkics" {Int+2}
   (You found it on level 2 of the Dungeon)

   Int+2:     It affects your intelligence (+2).
Jewellery
 g - a ring of resist corrosion (left blade hand)
 o - a +5 ring of evasion (right blade hand)
Talismans
 q - a blade talisman (active)
Scrolls
 i - a scroll of amnesia {unknown}
 k - a scroll of identify {unknown}
 m - a scroll of enchant weapon {unknown}
Potions
 d - a potion of might
 h - a potion of curing {unknown}


   Skills:
 + Level 4.1 Fighting
 + Level 2.7 Polearms
 + Level 3.9 Armour
 + Level 0.1 Dodging
 + Level 3.7 Shields


You had 3 spell levels left.
You didn't know any spells.
Your spell library contained the following spells:

 Spells                   Type           Power      Damage    Failure   Level
 Ensorcelled Hibernation  Hex/Ice        0%         N/A       85%         2
 Passwall                 Erth           0%         N/A       97%         3
 Swiftness                Air            0%         N/A       97%         3


Dungeon Overview and Level Annotations

Branches:
Dungeon (2/15)

Altars:

Annotations:
D:2 Sigmund


Innate Abilities, Weirdness & Mutations

You have blades for hands.
Your maximum health is decreased, since you lack skill for your form.
You are incapable of wielding weapons or throwing items.
You are immune to sickness and miasma.
Your stone body is resilient. (AC +3)
You are immune to poison.
You resist negative energy. (rN+)
You are resistant to electric shocks. (rElec)
You are resistant to unholy torment.
You are immune to petrification.


Message History

You begin transforming.
You continue transforming. x3
Your hands turn into razor-sharp scythe blades.
Your +0 trident melds into your body.
Your +0 pair of gloves melds into your body.
Your +0 buckler melds into your body.
You open the door.
A bat comes into view.
Found a short sword.
The bat hits you but does no damage.
There is an open door here.
The bat closely misses you.
You closely miss the bat. The bat misses you. The bat barely misses you.
You slash the bat!
You kill the bat!
Found a dazzling ring mail.
You see here a bat corpse.
You see here a +0 short sword.
Found 17 gold pieces.
You see here the +4 ring mail "Ukkics" {Int+2}.
r - the +4 ring mail "Ukkics" {Int+2} You now have 124 gold pieces (gained 17).
Sigmund the Dreaded comes into view.
He is wielding a +0 scythe.
Sigmund shouts!
Sigmund barely misses you.
You slash Sigmund!
Sigmund is moderately wounded.
Sigmund barely misses you.
You closely miss Sigmund.
Sigmund is moderately wounded.
Sigmund gestures wildly while chanting.
Sigmund flickers and vanishes!
Deactivating autopickup; reactivate with Ctrl-A.
A kobold comes into view.
It is wielding a +0 short sword and wearing the +1 leather armour of Zadit {rC+}.
You miss something.
The kobold shouts!
You hear some strange, mumbled words.
A puff of flame appears from out of thin air!
The puff of flame hits you!
Ouch! That really hurt!
You die...

### ..# #.# #.# #.#
##### #{#
#...####### #@#
#....).†..#
###.#####.........##
+.................'.
###.######........##
## #.# ########## .#
#.# .# #.K .# #.. .#
#..


You could see a kobold.

Vanquished Creatures
  4 adders (D:2)
  3 dart slugs
  A ribbon worm (D:2)
  3 bats
  An endoplasm (D:1)
  5 giant cockroaches
  2 goblins (D:1)
  3 hobgoblins
  7 jackals (D:1)
  2 kobolds
  A quokka (D:2)
  4 ball pythons
  A frilled lizard (D:2)
  4 rats
41 creatures vanquished.

Notes
Turn   | Place    | Note
-------+----------+-------------------------------------------
     0 | D:1      | Ates the Gargoyle Fighter began the quest for the Orb.
     0 | D:1      | Reached XP level 1. HP: 14/14 MP: 1/1
   117 | D:1      | Reached XP level 2. HP: 19/19 MP: 2/2
   323 | D:2      | Reached XP level 3. HP: 24/24 MP: 3/3
   610 | D:1      | Reached skill level 4 in Fighting
   747 | D:1      | Reached XP level 4. HP: 29/29 MP: 4/4
   913 | D:2      | Found a faded altar of an unknown god.
  1203 | D:2      | Identified the +4 ring mail "Ukkics" {Int+2}
  1209 | D:2      | Noticed Sigmund
  1213 | D:2      | Identified the +1 leather armour of Zadit {rC+}
  1214 | D:2      | Killed from afar by Sigmund

Illustrated notes

Levels and vault maps discovered:
D:1:      minmay_arrival_cross, layout_basic
D:2:      cheibrodos_helix_gallery, layout_basic, basic_ecumenical_altar,
          minmay_surrounded, uniq_sigmund, uniq_robin

Skill      XL: |  1  2  3 |
---------------+----------+-----
Polearms       | 2 |  2.7
Fighting       | 4 |  4.1
Armour         | |  3.9
Dodging        | |  0.1
Shields        | |  3.7

Action                     |  1- 3 |  4- 6 || total
---------------------------+-------+-------++-------
  Melee: Trident           |   111 |    58 ||   169
         Unarmed           |       |     5 ||     5
 Armour: Scale mail        |    58 |    27 ||    85
  Dodge: Dodged            |    61 |    50 ||   111
  Block: Buckler           |    20 |    11 ||    31
   Form: Blade             |       |     1 ||     1

Table legend: (Time is in decaauts)
 A = Elapsed time spent in this place.
 B = Non-inter-level travel time spent in this place.
 C = Inter-level travel time spent in this place.
 D = Time resting spent in this place.
 E = Time spent auto-exploring this place.
 F = Levels seen in this place.
 G = Mean time per level.
                   A        B        C        D        E       F      G
               +--------+--------+--------+--------+--------+-----+--------+
         Total |   1250 |    395 |    855 |     51 |      0 |   2 |  625.0 |
       Dungeon |   1250 |    395 |    855 |     51 |      0 |   2 |  625.0 |
               +--------+--------+--------+--------+--------+-----+--------+

Top non-repeatable levels by time:
     D:1: 772 daAuts
     D:2: 478 daAuts
